 Dungeon Crawl Stone Soup version 0.28.0-53-g5a82cb258f (webtiles) character file.

Game seed: 12393266688472524768

117 Erymatos the Chopper (level 4, -12/61 HPs)
             Began as a Minotaur Berserker on June 11, 2022.
             Was a Believer of Trog.
             Mangled by an ogre
             ... wielding a +0 giant spiked club
              (30 damage)
             ... on level 4 of the Dungeon.
             The game lasted 00:02:23 (2588 turns).

Erymatos the Chopper (Minotaur Berserker)           Turns: 2588, Time: 00:02:23

Health: -12/61     AC:  5    Str: 23    XL:     4   Next: 71%
Magic:  3/3        EV: 11    Int:  4    God:    Trog [**....]
Gold:   112        SH:  5    Dex: 10    Spells: 3/3 levels left

rFire   . . .      SeeInvis .   a - +0 hand axe
rCold   . . .      Faith    .   e - +2 buckler
rNeg    . . .      Spirit   .   k - +0 ring mail
rPois   .          Reflect  .   (helmet restricted)
rElec   .          Harm     .   (no cloak)
rCorr   .          Rampage  .   (no gloves)
Will    .....                   (no boots)
Stlth   ..........              i - amulet of the acrobat
HPRegen 0.20/turn               (no ring)
MPRegen 0.08/turn               (no ring)

@: berserking, very quick
A: horns 2, retaliatory headbutt
a: Renounce Religion, Berserk, Trog's Hand


You were on level 4 of the Dungeon.
You worshipped Trog.
Trog was pleased with you.
You visited 1 branch of the dungeon, and saw 4 of its levels.

You collected 112 gold pieces.

Inventory:

Hand Weapons
 a - a +0 hand axe (weapon)
Armour
 b - a +0 animal skin
 e - a +2 buckler (worn)
 k - a +0 ring mail (worn)
Jewellery
 i - an amulet of the acrobat (around neck)
Scrolls
 c - 2 scrolls of amnesia {unknown}
 d - a scroll of fear {unknown}
 f - a scroll of noise {unknown}
 h - 2 scrolls of teleportation {unknown}
 l - 3 scrolls of enchant weapon {unknown}
 m - a scroll of magic mapping {unknown}
Potions
 g - 2 potions of cancellation {unknown}
 j - a potion of berserk rage {unknown}
 n - a potion of might {unknown}


   Skills:
 + Level 4.8 Fighting
 + Level 5.2 Axes
 + Level 2.5 Armour
 + Level 3.0 Dodging
 + Level 0.2 Shields


You had 3 spell levels left.
You didn't know any spells.
Your spell library was empty.

Dungeon Overview and Level Annotations

Branches:
Dungeon (4/15)
 Temple: D:4-7

Altars:
Makhleb


Innate Abilities, Weirdness & Mutations

You have a pair of horns on your head.
You reflexively headbutt those who attack you in melee.


Message History

You hit the giant cockroach.
You kill the giant cockroach!
Trog accepts your kill.
HP restored.
You now have 112 gold pieces (gained 12).
You see here a giant cockroach corpse.
No target in view!
Key pressed, stopping explore.
No target in view!
No target in view!
Found 24 sling bullets.
Found a stone staircase leading down.
n - a murky golden potion No target in view!
Found a runed robe.
No target in view!
No target in view!
l - 3 scrolls labelled POXO XOETEZ (gained 1)
An ogre comes into view. It is wielding a +0 giant spiked club.
The ogre shouts!
The ogre moves out of view.
No target in view!
An ogre is nearby!
An ogre is nearby!
The ogre completely misses you.
You slash the ogre!
The ogre is moderately wounded.
The ogre hits you with a +0 giant spiked club!!
An ogre is nearby!
You hit the ogre.
The ogre is heavily wounded.
A hound skeleton comes into view.
You slash the ogre!
The ogre is severely wounded.
The ogre hits you with a +0 giant spiked club!
* * * LOW HITPOINT WARNING * * *
A phantom comes into view.
A red film seems to cover your vision as you go berserk!
You feel yourself moving faster!
You feel mighty!
The ogre hits you with a +0 giant spiked club!!
You die...

..... #..(##..#...#....
#....##.......#........
#........>.............
......................
..........[..........#
...$.......# #.....#.##
#..^.W.....###.........
....#.....##.......... .
#@................
#O.................
...Z.................
...........##.........
.......#####.##.........
....... #..##.........
....... ##..##.#......
....... ##....††#.....
#.<............


You could see a phantom, an ogre and a hound skeleton.

Vanquished Creatures
  An orc wizard (D:3)
  An adder (D:3)
  A worm (D:2)
  A dart slug (D:4)
  6 orcs (D:3)
  8 ball pythons
  5 endoplasms
  2 giant cockroaches
  6 goblins
  11 hobgoblins
  4 jackals
  A quokka (D:2)
  7 bats
  3 frilled lizards (D:2)
  6 kobolds
  4 rats
67 creatures vanquished.

Notes
Turn   | Place    | Note
-------+----------+-------------------------------------------
     0 | D:1      | Erymatos the Minotaur Berserker began the quest for the
                  | Orb.
     0 | D:1      | Reached XP level 1. HP: 19/19 MP: 0/0
   135 | D:1      | Reached skill level 4 in Axes
   173 | D:1      | Reached XP level 2. HP: 27/27 MP: 1/1
   402 | D:1      | Found a faded altar of an unknown god.
   719 | D:2      | Found a burning altar of Makhleb.
   739 | D:2      | Reached ** piety under Trog
   745 | D:2      | Reached XP level 3. HP: 18/33 MP: 2/2
  1608 | D:3      | Reached skill level 5 in Axes
  1608 | D:3      | Reached XP level 4. HP: 19/41 MP: 3/3
  2306 | D:3      | Identified the +5 dagger of Annoyance {flame, Int+3}
  2546 | D:4      | Reached *** piety under Trog
  2581 | D:4      | Noticed an ogre
  2587 | D:4      | Noticed a phantom
  2588 | D:4      | Mangled by an ogre

Illustrated notes

Levels and vault maps discovered:
D:1:      minmay_arrival_loop, layout_loops_ring,
          ebering_ecumenical_altar_ruins, minmay_unequal
D:2:      minmay_spotlight, layout_rooms, basic_altar, minmay_bisected
D:3:      layout_basic, chequers_serial_rivers_small_b,
          chequers_decorated_corner
D:4:      layout_cave_pools, serial_shops, nicolae_shop_bloodbath_and_beyond,
          uniq_natasha

Skill      XL: |  1  2  3  4 |
---------------+-------------+-----
Axes           | 4 5 |  5.2
Fighting       | 4 |  4.8
Dodging        | 3 |  3.0
Armour         | |  2.5
Shields        | |  0.2

Action                   |  1- 3 |  4- 6 || total
-------------------------+-------+-------++-------
Melee: Hand axe          |    90 |    34 ||   124
       Headbutt          |    11 |     2 ||    13
Invok: Berserk           |     1 |     1 ||     2
 Stab: Sleeping          |     2 |       ||     2
Armor: Animal skin       |    19 |       ||    19
       Ring mail         |       |     9 ||     9
Dodge: Dodged            |    55 |    15 ||    70
Block: Buckler           |     9 |     9 ||    18
